 Dungeon Crawl Stone Soup version 0.29.1-2-gbd0b4ee654 (webtiles) character file.

Game seed: 18018052264506255443

144 Firos the Poker (level 5, 47/47 HPs)
             Began as a Hill Orc Monk on Nov 7, 2022.
             Quit the game on level 4 of the Dungeon.
             The game lasted 00:07:10 (3488 turns).

Firos the Poker (Hill Orc Monk)                     Turns: 3488, Time: 00:07:10

Health: 47/47      AC: 10    Str: 16    XL:     5   Next: 27%
Magic:  5/5        EV: 11    Int: 10    God:
Gold:   167        SH:  0    Dex: 13    Spells: 4/4 levels left

rFire   . . .      SeeInvis .   a - +0 spear
rCold   . . .      Faith    .   (no shield)
rNeg    . . .      Spirit   .   k - +0 ring mail
rPois   .          Reflect  .   (no helmet)
rElec   .          Harm     .   o - +0 cloak
rCorr   .          Rampage  .   e - +0 pair of gloves
Will    .....                   m - +2 pair of boots
Stlth   +.........              (no amulet)
HPRegen 0.15/turn               (no ring)
MPRegen 0.09/turn               (no ring)

@: no status effects
A: no striking features
a: no special abilities


You were on level 4 of the Dungeon.
You visited 1 branch of the dungeon, and saw 4 of its levels.

You collected 167 gold pieces.

Inventory:

Hand Weapons
 a - a +0 spear (weapon)
Missiles
 t - 2 poisoned darts (quivered)
Armour
 e - a +0 pair of gloves (worn)
 k - a +0 ring mail (worn)
 l - a +0 scale mail
 m - a +2 pair of boots (worn)
 o - a +0 cloak (worn)
Jewellery
 p - an amulet of magic regeneration
Scrolls
 b - a scroll of butterflies {unknown}
 d - 3 scrolls of identify
 f - a scroll of vulnerability
 h - a scroll of amnesia {unknown}
 i - 2 scrolls of teleportation {unknown}
 n - a scroll of magic mapping {unknown}
 q - a scroll of poison {unknown}
 r - a scroll of immolation {unknown}
Potions
 c - a potion of ambrosia
 g - 4 potions of curing
 j - 2 potions of resistance
 s - a potion of attraction
 u - a potion of might {unknown}


   Skills:
 + Level 4.6 Fighting
 * Level 5.0 Polearms
 + Level 2.3 Armour
 - Level 2.4 Dodging
 - Level 1.5 Stealth


You had 4 spell levels left.
You didn't know any spells.
Your spell library was empty.

Dungeon Overview and Level Annotations

Branches:
Dungeon (4/15)
 Temple: D:4-7

Altars:
Makhleb

Shops:
D:2 *   D:3 [


Message History

You see here a bat corpse.
A dart slug comes into view.
No reachable target in view!
No reachable target in view!
The dart slug launches a dart at you.
The slug dart hits you but does no damage.
You reach to attack!
You hit the dart slug but do no damage.
You reach to attack!
You hit the dart slug but do no damage. The dart slug launches a dart at you.
The slug dart misses you.
You reach to attack!
You hit the dart slug.
The dart slug is moderately wounded.
You reach to attack!
You hit the dart slug.
The dart slug is heavily wounded.
The dart slug launches a dart at you. The slug dart hits you.
You reach to attack!
You hit the dart slug.
The dart slug is almost dead.
The dart slug launches a dart at you. The slug dart misses you.
You reach to attack!
You hit the dart slug.
You kill the dart slug!
No target in view!
You see here a dart slug corpse.
u - a grey potion
There is a stone staircase leading down here.
Done exploring.
Done exploring.
(D) Dungeon
Where to? (Enter - D:3 @ (x,y), ? - help)
There is a stone staircase leading down here.
You climb downwards.
There is a stone staircase leading up here.
Sorry, you're not good enough to have a special ability.
You are not religious.
Unknown command.
You start removing your amulet.
You continue taking off your amulet of magic regeneration. x4
You finish taking off your amulet of magic regeneration.
Are you sure you want to abandon this character and quit the game? (Confirm with "yes".)

## .
##.##....
#@....#
#....##.#
#..####
##. #


There were no monsters in sight!

Vanquished Creatures
  An orc priest (D:3)
  3 gnolls (D:3)
  2 adders
  A dart slug (D:3)
  6 orcs (D:3)
  5 bats
  An endoplasm (D:3)
  3 giant cockroaches
  8 goblins
  2 hobgoblins
  2 jackals (D:3)
  4 quokkas (D:1)
  4 ball pythons
  6 frilled lizards
  7 kobolds
  4 rats
59 creatures vanquished.

Notes
Turn   | Place    | Note
-------+----------+-------------------------------------------
     0 | D:1      | Firos the Hill Orc Monk began the quest for the Orb.
     0 | D:1      | Reached XP level 1. HP: 19/19 MP: 1/1
    98 | D:1      | Reached XP level 2. HP: 26/27 MP: 2/2
   419 | D:1      | Reached skill level 1 in Armour
  1038 | D:1      | Found a faded altar of an unknown god.
  1108 | D:2      | Found Medib's Assorted Antiques.
  1157 | D:2      | Reached XP level 3. HP: 33/33 MP: 3/3
  1164 | D:2      | Reached skill level 4 in Polearms
  1755 | D:2      | Found a burning altar of Makhleb.
  1797 | D:3      | Found Inkenwir's Armour Emporium.
  1822 | D:3      | Reached XP level 4. HP: 23/40 MP: 4/4
  2699 | D:3      | Reached XP level 5. HP: 16/47 MP: 5/5
  3071 | D:3      | Reached skill level 5 in Polearms
  3488 | D:4      | Quit the game

Illustrated notes

Levels and vault maps discovered:
D:1:      minmay_arrival_arboretum_small, layout_basic,
          dreamdust_ecumenical_altar_hidden_monk_grotto
D:2:      layout_loops_ring, basic_altar, serial_shops, shop,
          minmay_misc_feat_hallway, minmay_bisected
D:3:      layout_loops_ring, serial_co_window_serial, co_window_corner_a,
          co_window_paths_b, co_window_corner_a, co_window_paths_a,
          co_window_paths_a, co_window_corner_cb, co_window_corner_b,
          co_window_broadway_b, co_window_2corner, glass_columns_a,
          glass_columns_b, serial_shops,
          nicolae_shop_competitors_out_of_business
D:4:      layout_cave_pools, uniq_pikel

Skill      XL: |  1  2  3  4  5 |
---------------+----------------+-----
Armour         | 1 2 |  2.3
Fighting       | 4 |  4.6
Polearms       | 4 5 |  5.0
Dodging        | |  2.4
Stealth        | |  1.5

Action                   |  1- 3 |  4- 6 || total
-------------------------+-------+-------++-------
Melee: Spear             |   139 |   145 ||   284
       Punch             |       |     1 ||     1
  Use: Scroll            |       |     5 ||     5
       Potion            |       |     3 ||     3
 Stab: Sleeping          |     3 |       ||     3
Armor: Robe              |     7 |       ||     7
       Ring mail         |    34 |    37 ||    71
Dodge: Dodged            |    77 |    55 ||   132
